 Dungeon Crawl Stone Soup version 0.18-a0-1197-g8004e50 (webtiles) character file.

855 st0uf the Skirmisher (level 8, -2/49 HPs)
             Began as a Tengu Chaos Knight on Jan 30, 2016.
             Slain by st0uf's ghost (9 damage)
             ... on level 5 of the Dungeon.
             The game lasted 00:16:27 (3349 turns).

st0uf the Skirmisher (Tengu Chaos Knight)           Turns: 3349, Time: 00:16:27

Health: -2/49      AC: 11    Str: 14    XL:     8   Next: 1%
Magic:  9/9        EV:  3    Int: 13    God:    Xom [..*...]
Gold:   124        SH:  0    Dex: 14    Spells: 0 memorised, 7 levels left

rFire  + . .     SeeInvis +     z - +3 quarterstaff (chaos)
rCold  . . .     Gourm    .     l - +0 chain mail
rNeg   . . .     Faith    .     (shield currently unavailable)
rPois  +         Spirit   .     (helmet restricted)
rElec  .         Dismiss  .     j - +0 cloak {rPois}
rCorr  .         Reflect  .     (no gloves)
SustAt .         Harm     .     (boots unavailable)
MR     .....                    (no amulet)
Stlth  ..........               (no ring)
                                v - ring of protection from fire

@: not resistant to hostile enchantments, extremely unstealthy
A: beak, talons 3, see invisible, able to fly 1
a: Fly, Renounce Religion


You were on level 5 of the Dungeon.
You worshipped Xom.
You were a toy of Xom.
You were hungry.

You visited 1 branch of the dungeon, and saw 5 of its levels.

You collected 124 gold pieces.

Inventory:

Hand Weapons
 a - a +0 falchion of chaos
 q - a +4 lajatang
 z - a +3 quarterstaff of chaos (weapon)
Missiles
 u - 3 curare-tipped needles
 F - 14 poisoned needles
Armour
 j - a +0 cloak of poison resistance (worn)
 l - a +0 chain mail (worn)
Jewellery
 v - a ring of protection from fire (left hand)
Wands
 o - a wand of random effects (28/48)
 D - a wand of fireball (6/15)
 H - a wand of digging (15/24)
Scrolls
 d - 2 scrolls of recharging {unknown}
 e - 2 scrolls of enchant weapon {unknown}
 g - 5 scrolls of teleportation {unknown}
 h - a scroll of fog {unknown}
 m - a scroll of blinking {unknown}
 n - 2 scrolls of random uselessness {unknown}
 s - 2 scrolls of identify {unknown}
 t - a scroll of fear {unknown}
 x - a scroll of magic mapping {unknown}
 y - 3 scrolls of remove curse {unknown}
 C - a scroll of enchant armour {unknown}
 G - a scroll of amnesia {unknown}
Potions
 f - a potion of agility {unknown}
 i - a potion of resistance {unknown}
 k - a potion of curing {unknown}
 p - a potion of invisibility {unknown}
 r - a potion of might {unknown}
 w - a potion of brilliance {unknown}
 B - a potion of heal wounds {unknown}
Comestibles
 b - 4 fruits
 c - 2 bread rations
 A - 2 beef jerkies
 E - a meat ration


   Skills:
 + Level 5.3 Fighting
 + Level 4.4 Long Blades
 + Level 4.2 Staves
 + Level 5.1 Armour
 + Level 3.8 Dodging
 + Level 0.7 Stealth


You had 7 spell levels left.
You didn't know any spells.

Dungeon Overview and Level Annotations

Branches:
Dungeon (5/15)             Temple (0/1) D:4

Altars:

Annotations:
D:5 st0uf's ghost, novice FoFi


Innate Abilities, Weirdness & Mutations

You have a beak for a mouth.
You have claws for feet.
You can fly.
You have supernaturally acute eyesight.


Message History

* * * LOW HITPOINT WARNING * * *
You hit st0uf's ghost but do no damage.
Nothing appears to happen.
St0uf's ghost is lightly damaged.
St0uf's ghost barely misses you.
Your chain mail prevents you from hitting st0uf's ghost.
You claw st0uf's ghost.
St0uf's ghost is lightly damaged.
St0uf's ghost hits you but does no damage.
You hit st0uf's ghost but do no damage.
You peck st0uf's ghost, but do no damage.
St0uf's ghost is lightly damaged.
St0uf's ghost hits you but does no damage.
You hit st0uf's ghost. You burn st0uf's ghost. Your kick misses st0uf's ghost.
St0uf's ghost is lightly damaged.
St0uf's ghost hits you!
* * * LOW HITPOINT WARNING * * *
St0uf's ghost barely misses you. St0uf's ghost hits you!
You die...
Xom chortles!

........#######.#
#######....#....#
####.#.####
#########.#[###
#######.............#
........########.##.#
#.#####.#### #.##.#
#....# #.##.# #.##@#
###.##.# ##.##W#
#...##.# #.....#
#.####.# #..#### #.#
#.# #[.# ###.####.#
.#####..# #.....##.#
........####.###.##.#
######.......# #....#
#####..####.###.####


You could see st0uf's ghost (invisible).

Vanquished Creatures
  The ghost of st0uf the Shield-Bearer, an amateur MiFi of Pakellas (D:4)
  Menkaure (D:4)
  The ghost of chonchonts the Stinger, an amateur GrVM (D:3)
  A phantom (D:4)
  A centaur (D:3)
  A crimson imp (D:4)
  An orc priest (D:3)
  Crazy Yiuf (D:3)
  An iguana (D:4)
  An orc wizard (D:3)
  A worker ant (D:4)
  2 gnolls (D:3)
  4 adders
  An adder skeleton (D:4)
  2 worms (D:3)
  4 giant geckos
  4 orcs (D:3)
  8 giant cockroaches
  5 goblins
  3 hobgoblins
  10 jackals
  4 quokkas
  2 ball pythons
  11 bats
  5 giant newts
  2 kobolds (D:1)
  11 rats
89 creatures vanquished.

Vanquished Creatures (collateral kills)
  A gnoll (D:3)
  A bat (D:3)
  A giant newt (D:3)
3 creatures vanquished.

Grand Total: 92 creatures vanquished

Notes
Turn   | Place    | Note
--------------------------------------------------------------
     0 | D:1      | st0uf the Tengu Chaos Knight began the quest for the Orb.
     0 | D:1      | Reached XP level 1. HP: 14/14 MP: 2/2
   166 | D:1      | XOM: divination: magic mapping
   283 | D:1      | Reached XP level 2. HP: 19/19 MP: 3/3
   312 | D:1      | XOM: snakes to sticks
   443 | D:1      | XOM: colour smoke trail
   484 | D:1      | XOM: god gift: glowing cloak {god gift}
   484 | D:1      | XOM: smoke on damage
   494 | D:1      | Reached XP level 3. HP: 14/23 MP: 4/4
   953 | D:2      | XOM: smoke on damage
   975 | D:2      | XOM: mild Necr miscast
   995 | D:2      | Found a faded altar to an unknown god.
  1082 | D:2      | XOM: mild Summ miscast
  1140 | D:2      | XOM: divination: magic mapping
  1154 | D:2      | XOM: god gift: glowing lajatang {god gift}
  1197 | D:2      | Reached XP level 4. HP: 24/28 MP: 5/5
  1298 | D:2      | XOM: give mutation
  1298 | D:2      | Gained mutation: You have supernaturally acute eyesight. [Xom's grace]
  1346 | D:3      | Reached skill level 4 in Long Blades
  1346 | D:3      | XOM: summons 2 friendly demons
  1370 | D:3      | XOM: silly message
  1386 | D:3      | Gained mutation: You can fly. [Tengu growth]
  1386 | D:3      | Reached XP level 5. HP: 6/33 MP: 6/6
  1386 | D:3      | XOM: harmless Divn miscast
  1394 | D:3      | XOM: mild Trmt miscast
  1507 | D:3      | Noticed Crazy Yiuf
  1511 | D:3      | HP: 1/33 [Crazy Yiuf/quarterstaff of chaos (1)]
  1512 | D:3      | Killed Crazy Yiuf
  1599 | D:3      | Noticed chonchonts's ghost (amateur GrVM)
  1610 | D:3      | Reached skill level 1 in Staves
  1826 | D:3      | Killed chonchonts's ghost
  1826 | D:3      | Reached XP level 6. HP: 21/38 MP: 7/7
  1883 | D:3      | XOM: medium Fire miscast
  2133 | D:4      | Noticed st0uf's ghost (amateur MiFi)
  2135 | D:4      | XOM: noise
  2138 | D:4      | XOM: divination: detect creatures
  2143 | D:3      | XOM: potion effect (agility)
  2164 | D:4      | Killed st0uf's ghost
  2164 | D:4      | Reached XP level 7. HP: 13/44 MP: 8/8
  2443 | D:4      | Reached skill level 5 in Fighting
  2509 | D:4      | XOM: silly message
  2534 | D:4      | XOM: harmless Chrm miscast
  2541 | D:4      | XOM: harmless Air miscast
  2581 | D:4      | Found a staircase to the Ecumenical Temple.
  2607 | D:4      | Noticed Menkaure
  2610 | D:4      | XOM: potion effect (berserk rage)
  2612 | D:4      | Killed Menkaure
  2612 | D:4      | Reached skill level 5 in Armour
  2796 | D:4      | XOM: harmless Erth miscast
  2928 | D:4      | XOM: cast spell 'Call Canine Familiar'
  2930 | D:4      | Reached XP level 8. HP: 49/49 MP: 9/9
  2950 | D:4      | XOM: harmless Air miscast
  2993 | D:5      | Entered Level 5 of the Dungeon
  3061 | D:5      | Noticed st0uf's ghost (novice FoFi)
  3349 | D:5      | Slain by st0uf's ghost

Vault maps used:
D:1:      lightli_arrival_lavapool
D:2:      ecumenical_altar_1
D:3:      first_bread, uniq_crazy_yiuf_cottage
D:4:      minmay_temple_entry_water_ring, minmay_misc_feat_cross, uniq_menkaure
D:5:      uniq_eustachio

Action                   |  1- 3 |  4- 6 |  7- 9 || total
-------------------------+-------+-------+-------++-------
Melee: Falchion          |   142 |       |       ||   142
       Lajatang          |     1 |    71 |       ||    72
       Quarterstaff      |       |    35 |    53 ||    88
 Stab: Petrifying        |     1 |       |       ||     1
       Paralysed         |       |       |     2 ||     2
  Eat: Chunk             |     1 |     3 |     4 ||     8
